 Dungeon Sprint DCSS version 0.23.2-1-ga50397a (webtiles) character file.

Game seed: 15044174231172636897

37 doot the Thaumaturge (level 3, -11/19 HPs)
             Began as a Deep Elf Wizard on May 5, 2019.
             Mangled by a wolf (12 damage)
             ... in the Dungeon (Sprint III: "The Ten Rune Challenge").
             The game lasted 00:02:46 (669 turns).

doot the Thaumaturge (Deep Elf Wizard)               Turns: 669, Time: 00:02:47

Health: -11/19     AC:  2    Str:  4    XL:     3   Next: 21%
Magic:  7/14       EV: 13    Int: 23    God:
Gold:   0          SH:  0    Dex: 13    Spells: 11/18 levels left

rFire    . . .     SeeInvis .   (no weapon)
rCold    . . .     Gourm    .   (no shield)
rNeg     . . .     Faith    .   a - +0 robe
rPois    .         Spirit   .   b - +0 hat
rElec    .         Reflect  .   (no cloak)
rCorr    .         Harm     .   (no gloves)
MR       .....     NoTele   +   (no boots)
Stlth    ++........             (no amulet)
HPRegen  0.06/turn              (no ring)
MPRegen  0.14/turn              (no ring)

@: no status effects
A: no striking features
a: no special abilities


You were in the Dungeon.
You were not hungry.

You visited 1 branch

Inventory:

Armour
 a - a +0 robe (worn)
 b - a +0 hat (worn)
Scrolls
 c - 3 scrolls of enchant armour {unknown}
 j - a scroll of blinking
Potions
 e - a potion of curing
 f - a potion of heal wounds
 g - a potion of haste
 h - 2 potions of magic
 i - a potion of berserk rage
Comestibles
 d - a ration
 k - 6 chunks of flesh


   Skills:
 + Level 3.4 Dodging
 + Level 3.3 Stealth
 + Level 8.1 Spellcasting
 + Level 2.0 Conjurations
 + Level 2.3 Summonings
 + Level 1.1 Translocations


You had 11 spell levels left.
You knew the following spells:

 Your Spells              Type           Power        Failure   Level  Hunger
a - Magic Dart            Conj           ###.         3%          1    None
b - Blink                 Tloc           N/A          7%          2    None
c - Call Imp              Summ           ###.....     4%          2    None
d - Slow                  Hex            #.......     11%         2    None

Your spell library contained the following spells:

 Spells                   Type           Power        Failure   Level  Hunger
 Conjure Flame            Conj/Fire      ##......     14%         3    None
 Mephitic Cloud           Conj/Pois/Air  ##......     16%         3    None


Dungeon Overview and Level Annotations

Branches:
Dungeon (1/1)

Altars:


Message History

The wolf closely misses you. The wolf barely misses you.
The wolf barely misses you.
Casting: Call Imp (safe; 4% risk of failure)
Confirm with . or Enter, or press ? or * to list all spells.
A beastly little devil appears in a puff of frigid air.
The wolf misses you.
Unknown command.
Casting: Call Imp (safe; 4% risk of failure)
Confirm with . or Enter, or press ? or * to list all spells.
A beastly little devil appears in a puff of flame.
The wolf bites you!
Ouch! That really hurt!
The wolf bites you!
* * * LOW HITPOINT WARNING * * *
Casting: Call Imp (safe; 4% risk of failure)
Confirm with . or Enter, or press ? or * to list all spells.
You blink.
The wolf bites you!
Ouch! That really hurt!
You die...

▓...#.)....## .#
▓..##.......# .#
▓##.##.##...# ..#
##.##.###..# ..#
▓#.####.##.5# ...+
▓.###..##.÷## #...#
▓#.....##§.###....#
###..##5h.##.....#
##..##.@.5#...5..#
#..###..##.#.....#
#(.# #..#####....#
▓▓▓▓ ▓▓▓▓ ▓▓▓▓▓


You could see a wolf, 2 friendly crimson imps and a friendly white imp.

Vanquished Creatures
  2 oozes (D)
  A rat (D)
3 creatures vanquished.

Vanquished Creatures (collateral kills)
  Jessica (D)
  A human (D)
2 creatures vanquished.

Vanquished Creatures (others)
  2 draconian scorchers (D)
  6 hellions (D)
  A yaktaur (D)
9 creatures vanquished.

Grand Total: 14 creatures vanquished

Notes
Turn   | Place    | Note
-------+----------+-------------------------------------------
     0 | D        | doot the Deep Elf Wizard began the quest for the Orb.
     0 | D        | Reached XP level 1. HP: 10/10 MP: 7/7
    11 | D        | Reached skill level 5 in Spellcasting
    76 | D        | Reached skill level 6 in Spellcasting
    76 | D        | Reached XP level 2. HP: 6/15 MP: 5/11
   103 | D        | Killed a hellion
   104 | D        | Killed a hellion
   105 | D        | Killed a hellion
   105 | D        | Killed a hellion
   105 | D        | Killed a hellion
   111 | D        | Killed a hellion
   168 | D        | Killed a white draconian scorcher
   173 | D        | Killed a yaktaur
   206 | D        | Killed a white draconian scorcher
   238 | D        | Learned a level 2 spell: Blink
   241 | D        | Learned a level 2 spell: Call Imp
   244 | D        | Learned a level 2 spell: Slow
   385 | D        | Noticed Jessica
   488 | D        | Killed Jessica
   488 | D        | Reached skill level 7 in Spellcasting
   594 | D        | Reached skill level 8 in Spellcasting
   594 | D        | Reached XP level 3. HP: 19/19 MP: 5/14
   669 | D        | Mangled by a wolf

Skill      XL: |  1  2 |
---------------+-------+-----
Spellcasting   | 6 8 |  8.1
Dodging        | 3 |  3.4
Stealth        | 3 |  3.3
Summonings     | 2 |  2.3
Conjurations   | 2 |  2.0
Translocations | |  1.1

Action                   || total
-------------------------++-------
 Cast: Magic Dart        ||    13
       Call Imp          ||    16
       Blink             ||     1
Armor: Robe              ||     1
Dodge: Dodged            ||     7
